AoeStats
← TheQuietRiot

Arena

508545766Analyzed
1v1 RM · 8d ago on Sep 23, 2026· 41m 22s· 2 players
Game mode
Random Map
Map size
Tiny (2 player)
Population
200
Speed
Normal
Resources
Standard
Victory
Conquest
Starting age
Dark Age
Ending age
Imperial Age
RankedLock teamsTeams togetherTeam positionsShared explorationLock speedFull tech treeHidden civsTurbo modeCheats
Victory
Defeat
🇦🇷 Khmer · Argentina
946
+16
🇬🇧 Saxons · United Kingdom
956
-16
iva5ns
11:07 Loom
12:56 Feudal Age
16:40 Castle Age
14:30 Double-Bit Axe
14:28 Horse Collar
17:00 Wheelbarrow
18:23 Bow Saw
19:07 Hand Cart
23:17 Town Watch
25:50 Gold Mining
28:01 Gold Shaft Mining
27:30 Town Patrol
31:22 Imperial Age
29:36 Light Cavalry
30:27 Bloodlines
30:18 Husbandry
32:20 Forging
32:16 Scale Barding Armor
32:14 Double Crossbow
32:05 Heavy Scorpion
33:50 Chemistry
33:14 Ballistics
34:54 Siege Engineers
34:46 Murder Holes
35:26 Hussar
36:52 Iron Casting
36:45 Chain Barding Armor
39:03 Blast Furnace
38:39 Plate Barding Armor
TheQuietRiot
9:35 Feudal Age
7:51 Loom
10:09 Double-Bit Axe
16:40 Castle Age
14:43 Gold Mining
16:34 Forging
19:32 Wheelbarrow
20:58 Horse Collar
21:39 Heavy Plow
22:39 Bow Saw
24:54 Scale Mail Armor
27:03 Squires
29:50 Hand Cart
29:21 Town Watch
30:08 Gambesons
35:54 Imperial Age
33:43 Chain Mail Armor
34:01 Town Patrol
34:46 Gold Shaft Mining
34:02 Stone Mining
36:11 Capped Ram
36:14 Elite Hearth Troop
37:19 Conscription
37:03 Shield Wall
37:18 Siege Ram
38:44 Crop Rotation
38:26 Onager
Connection lost

Rejoining the realm…

Still unreachable

The connection could not be restored.

Session expired

The server has moved on; the page needs a fresh start.